Map: El Dorado

Players

Kylekatarn - Winner!

  • Race: Terran Terran
  • Spawn Location: 7:00

Srade

  • Race: Zerg Zerg
  • League: Master
  • Spawn Location: 5:00

VOD

Have the link to the VOD?

Description

Time

  • Played on: Nov. 30, 2024, 4:49 p.m.
  • Length: 11:52
Show
View Real Time Build Order
Export as new Build Order

Kylekatarn Terran - Winner!

Build Orders: Reaper Expand 

Get SALT Encoding   

  12  0:00  SCV  
  13  0:12  SCV  
  14  0:17  Supply Depot  
  14  0:24  SCV  
  15  0:39  SCV  
  15  0:40  Barracks  
  16  0:46  Refinery  
  16  0:51  SCV  
  17  1:03  SCV  
  18  1:15  SCV  
  19  1:28  Orbital Command  
  19  1:29  Reaper  
  20  1:42  Command Center  
  20  1:49  Supply Depot  
  20  1:55  SCV  
  20  2:01  Marine  
  21  2:08  SCV  
  23  2:13  Factory  
  23  2:16  Refinery  
  23  2:21  SCV  
  24  2:24  Barracks Reactor  
  24  2:34  SCV  
  25  2:46  SCV  
  26  2:55  Orbital Command  
  26  2:58  Starport  
  26  3:00  SCV  
  26  3:05  Hellion x2  
  31  3:12  SCV  
  32  3:16  Barracks Tech Lab  
  32  3:24  SCV x2  
  34  3:29  Hellion x2  
  37  3:36  SCV  
  37  3:37  Viking  
  37  3:40  Supply Depot  
  40  3:42  Marine, Stimpack  
  40  3:46  SCV  
  43  3:48  SCV  
  43  3:58  Factory Tech Lab, SCV  
  43  4:00  Marine  
  45  4:03  SCV  
  45  4:06  Supply Depot  
  46  4:10  Starport Reactor  
  46  4:14  Barracks  
  46  4:15  SCV x2  
  48  4:17  Barracks  
  48  4:22  Refinery  
  48  4:26  Siege Tank  
  48  4:27  SCV x2  
  48  4:29  Engineering Bay  
  53  4:36  Marine  
  54  4:39  SCV x2  
  54  4:40  Supply Depot  
  56  4:51  SCV x2  
  58  4:54  Marine, Starport Reactor  
  59  5:01  Supply Depot  
  59  5:03  SCV  
  59  5:04  SCV  
  59  5:09  Siege Tank  
  59  5:13  Marine  
  63  5:18  SCV  
  63  5:20  Supply Depot  
  58  5:22  Marine x4  
  58  5:23  Terran Infantry Weapons Level 1  
  62  5:31  Marine  
  62  5:32  Medivac x2  
  67  5:36  SCV  
  67  5:40  Marine x4  
  72  5:44  Siege Tank, Combat Shield  
  72  5:49  Marine  
  76  5:51  Supply Depot  
  76  5:52  Command Center  
  76  5:54  Supply Depot  
  76  5:57  Marine  
  76  5:58  Marine, SCV  
  76  6:00  Refinery  
  76  6:02  Marine x2  
  81  6:07  Marine  
  81  6:09  SCV  
  81  6:10  SCV  
  84  6:15  Marine x2  
  84  6:17  Siege Tank  
  89  6:20  Marine x2  
  91  6:26  SCV x2  
  91  6:29  Supply Depot  
  91  6:31  Supply Depot  
  93  6:37  Marine x2  
  93  6:38  SCV x2  
  93  6:39  Barracks  
  97  6:40  Barracks  
  96  6:55  Marine, Medivac x2  
  96  6:56  Marine x4  
  96  7:00  SCV  
  96  7:01  SCV  
  107  7:05  Supply Depot  
  107  7:13  Marine x3  
  107  7:14  Siege Tank  
  107  7:15  Marine x2  
  113  7:21  Terran Infantry Armor Level 1  
  111  7:30  Armory, Barracks Reactor x2  
  111  7:31  Marine x3  
  111  7:32  Marine  
  111  7:33  Marine  
  113  7:40  SCV x2  
  113  7:41  Orbital Command, Engineering Bay  
  113  7:49  Marine x2  
  113  7:51  Siege Tank  
  110  7:52  SCV  
  107  8:05  Liberator x2  
  107  8:06  Marine x5  
  107  8:09  SCV x2  
  107  8:12  SCV  
  121  8:16  Bunker  
  121  8:17  Supply Depot  
  121  8:26  Siege Tank  
  124  8:27  Terran Infantry Weapons Level 2  
  124  8:28  Terran Vehicle Weapons Level 1  
  124  8:30  SCV  
  125  8:37  Marine x9  
  125  8:38  SCV  
  135  8:48  Factory  
  135  8:55  Marine x4  
  137  8:59  Medivac x2  
  137  9:00  Siege Tank  
  144  9:07  Marine  
  121  9:12  SCV x2  
  121  9:13  Refinery  
  121  9:14  Refinery  
  117  9:19  Terran Infantry Armor Level 2  
  117  9:20  Command Center  
  117  9:23  Marine  
  117  9:24  Marine x6, Marauder  
  120  9:25  Marine  
  120  9:26  SCV  
  128  9:31  Medivac  
  128  9:32  Medivac, Factory Tech Lab  
  128  9:36  Missile Turret  
  129  9:41  Marine x5  
  129  9:42  Marine x3  
  137  9:46  Siege Tank, Marine  
  137  9:49  SCV  
  137  9:50  SCV x2  
  140  9:59  Marine x6  
  143  10:05  Siege Tank, Medivac x2  
  147  10:20  Barracks  
  147  10:23  Barracks x2, Supply Depot  
  147  10:26  Marauder  
  149  10:31  Marine x2  
  149  10:32  Siege Tank  
  150  10:40  Marine  
  149  10:47  Marauder  
  136  10:52  Marine x7  
  136  10:53  Siege Tank, Medivac  
  136  10:54  Medivac  
  135  10:58  Marine  
  135  11:04  Siege Tank  
  136  11:09  Marauder, Barracks Tech Lab  
  136  11:10  Marine x2, Barracks Tech Lab x2  
  136  11:11  Refinery  
  140  11:12  SCV x2  
  142  11:20  Sensor Tower  
  142  11:30  Marauder, SCV  
  145  11:33  Marine x4  
  145  11:39  Ghost Academy  
Show
View Real Time Build Order
Export as new Build Order

Srade Zerg 

Build Orders: Hatch First 

Get SALT Encoding   

  12  0:00  Drone  
  13  0:09  Drone  
  14  0:17  Extractor  
  14  0:18  Drone  
  15  0:37  Hatchery  
  15  0:41  Extractor  
  14  0:42  Drone  
  14  0:48  Overlord  
  15  1:04  Spawning Pool  
  14  1:07  Drone  
  15  1:11  Drone  
  15  1:15  Drone  
  17  1:21  Drone  
  18  1:35  Drone  
  19  1:51  Queen x2  
  19  1:52  Drone  
  24  1:58  Drone  
  25  2:04  Drone x3  
  28  2:21  Hatchery  
  27  2:27  Overlord  
  27  2:36  Drone  
  28  2:45  Drone x3  
  28  2:46  Drone x2  
  28  2:47  Overlord  
  33  3:01  Overlord  
  33  3:05  Drone x3  
  36  3:06  Drone x4  
  40  3:17  Roach Warren  
  40  3:18  Extractor  
  38  3:20  Extractor  
  38  3:27  Evolution Chamber  
  36  3:30  Drone x4  
  36  3:32  Overlord  
  40  3:37  Drone x5  
  45  3:45  Overlord  
  45  3:48  Queen  
  47  4:07  Roach x4  
  47  4:08  Evolution Chamber  
  47  4:09  Roach  
  56  4:12  Roach  
  58  4:17  Drone  
  58  4:19  Overlord  
  58  4:20  Extractor  
  58  4:24  Overlord x2  
  58  4:25  Drone x3  
  62  4:36  Overlord x2  
  62  4:37  Queen  
  64  4:45  Drone x5  
  69  4:50  Extractor  
  68  4:56  Drone x4  
  68  4:57  Overlord  
  64  5:07  Evolution Chamber  
  64  5:11  Evolution Chamber  
  59  5:20  Drone x4  
  59  5:21  Drone x3  
  67  5:24  Drone  
  67  5:27  Drone  
  67  5:28  Drone  
  70  5:31  Spore Crawler  
  70  5:34  Drone  
  70  5:40  Drone  
  71  5:43  Drone x3  
  74  5:51  Lair  
  74  5:55  Drone  
  75  5:58  Overlord, Evolution Chamber  
  75  6:03  Drone x3  
  77  6:07  Drone x3  
  77  6:09  Drone  
  81  6:11  Drone  
  81  6:14  Drone x3  
  81  6:15  Drone  
  86  6:25  Drone x2  
  86  6:26  Extractor  
  86  6:27  Extractor, Drone  
  87  6:34  Overlord x2  
  87  6:36  Ravager x5  
  87  6:37  Ravager  
  87  6:38  Hatchery  
  92  6:46  Roach x3  
  98  6:55  Roach x8  
  114  7:05  Overlord x3, Roach Warren  
  113  7:15  Roach x3  
  113  7:20  Overlord x3  
  113  7:24  Ravager  
  113  7:27  Roach x7  
  98  7:55  Roach x9  
  108  8:02  Queen  
  108  8:05  Ravager x4  
  113  8:08  Ravager x3  
  113  8:09  Roach x7  
  131  8:19  Roach  
  137  8:20  Roach x3  
  137  8:21  Glial Reconstitution  
  137  8:24  Roach  
  137  8:25  Roach  
  143  8:31  Roach  
  143  8:32  Roach x7  
  143  8:33  Ravager x5  
  164  8:42  Overlord x2  
  164  8:43  Overlord  
  148  9:13  Roach x13  
  148  9:14  Roach x4  
  181  9:37  Roach x8  
  169  10:10  Roach x11  
  191  10:23  Overlord x3  
  191  10:26  Overlord  
  191  10:28  Overseer  
  146  10:55  Roach x6  
  146  10:56  Roach x13  
  149  11:07  Roach  
  149  11:08  Roach x3  
  157  11:18  Roach x6  
Tags
 
Add a new tag
Caveats
  • Supply blocks, unpowered buildings, or Contaminate may cause inaccurate times.
  • Supply counts are checked every 10 seconds.